 Dungeon Crawl Stone Soup version 0.22.0-38-g04b72b8 (webtiles) character file.

47 yevrey the Ruffian (level 3, -3/29 HPs)
             Began as a Draconian Transmuter on Aug 31, 2018.
             Slain by Sigmund
             ... wielding a +0 scythe
              (12 damage)
             ... on level 2 of the Dungeon.
             The game lasted 00:06:00 (1729 turns).

yevrey the Ruffian (Draconian Transmuter)           Turns: 1729, Time: 00:06:00

Health: -3/29      AC:  5    Str: 12    XL:     3   Next: 48%
Magic:  2/6        EV: 12    Int: 14    God:
Gold:   96         SH:  0    Dex: 11    Spells: 0/6 levels left

rFire    . . .     SeeInvis .     - Unarmed
rCold    . . .     Gourm    .   (no shield)
rNeg     . . .     Faith    .   (armour unavailable)
rPois    .         Spirit   .   (helmet restricted)
rElec    .         Reflect  .   (no cloak)
rCorr    .         Harm     .   (no gloves)
MR       .....                  (no boots)
Stlth    +.........             (no amulet)
HPRegen  0.09/turn              (no ring)
MPRegen  0.10/turn              (no ring)

@: appendage (expiring), very slightly contaminated
A: unfitting armour, horns 2, cold-blooded, AC +5
a: End Transformation


You were on level 2 of the Dungeon.
You were not hungry.
You had grown temporary horns.
You visited 1 branch of the dungeon, and saw 3 of its levels.

You collected 96 gold pieces.

Inventory:

Missiles
 a - 12 arrows
Scrolls
 d - a scroll of amnesia {unknown}
 e - a scroll of fear {unknown}
 g - a scroll of enchant weapon {unknown}
 h - a scroll of remove curse {unknown}
 i - 2 scrolls of fog {unknown}
 l - a scroll of magic mapping {unknown}
Potions
 b - a potion of degeneration {unknown}
 f - a potion of brilliance {unknown}
 j - a potion of flight {unknown}
Comestibles
 c - 3 rations


   Skills:
 * Level 2.0 Fighting
 - Level 1.7 Dodging
 + Level 3.7 Unarmed Combat
 + Level 2.4 Spellcasting
 + Level 2.3 Transmutations


You couldn't memorise any spells.
You knew the following spells:

 Your Spells              Type           Power        Failure   Level  Hunger
a - Beastly Appendage     Tmut           #.....       9%          1    #......
b - Sticks to Snakes      Tmut           #.......     13%         2    ###....
c - Spider Form           Tmut/Pois      #.........   38%         3    ###....

Your spell library contained the following spells:

 Spells                   Type           Power        Failure   Level  Hunger
 Ice Form                 Ice/Tmut       #.......     80%         4    #####..
 Blade Hands              Tmut           #.........   94%         5    ######.


Dungeon Overview and Level Annotations

Branches:
Dungeon (3/15)

Altars:
Zin

Annotations:
D:2 Sigmund, Terence


Innate Abilities, Weirdness & Mutations

Your plain brown scales are hard. (AC +5)
You cannot fit into any form of body armour.
You are cold-blooded and may be slowed by cold attacks.
You have a pair of horns on your head.


Message History

You closely miss something. The bat barely misses you.
Something hits you but does no damage. The bat hits you but does no damage.
The bat misses you.
Things that are here:
a club; a stone The bat hits you but does no damage.
The bat barely misses you.
You see here a bat corpse.
The bat closely misses you.
Your transformation is almost over.
The bat hits you.
You see here a stone.
The bat misses you. The bat hits you but does no damage.
The bat closely misses you. The bat misses you. The bat completely misses you.
The bat barely misses you. The bat barely misses you. The bat misses you.
The bat hits you but does no damage. The bat hits you but does no damage.
Something hits you!
You die...

#...####.#### #####........#
#...# #.#..###...+........#
###'#####.#..#....)#........#
#####>...........................
#......######.#....#.#.##.###....
#......# #.##.....#.##.###....
#......# #........#.#.........
#####.#############..#.######.###
#...((.....b@................
####.########'#..#.######.###
#†.### #........# #....# #
##....# #........# #....###
###.)..## #.......## #....##.
#......# #.......# #.(..###
#.....## #.......# #.(..#..
#....## ############....#.#
#...## #.')......


You could see a bat.

Vanquished Creatures
  An adder (D:2)
  A leopard gecko (D:1)
  7 goblins (D:1)
  5 hobgoblins (D:1)
  3 jackals (D:1)
  5 bats
  A frilled lizard (D:2)
  6 kobolds
  5 rats
34 creatures vanquished.

Notes
Turn   | Place    | Note
-------+----------+-------------------------------------------
     0 | D:1      | yevrey the Draconian Transmuter began the quest for the Orb.
     0 | D:1      | Reached XP level 1. HP: 16/16 MP: 3/3
    89 | D:2      | Noticed Terence
   244 | D:1      | Reached XP level 2. HP: 13/23 MP: 3/5
   256 | D:1      | Learned a level 2 spell: Sticks to Snakes
   886 | D:1      | Reached XP level 3. HP: 28/29 MP: 4/6
   891 | D:1      | Learned a level 3 spell: Spider Form
  1560 | D:2      | Found a glowing silver altar of Zin.
  1700 | D:2      | Noticed Sigmund
  1729 | D:2      | Slain by Sigmund

Skill      XL: |  1  2  3 |
---------------+----------+-----
Fighting       | 2 |  2.0
Dodging        | |  1.7
Unarmed Combat | |  3.7
Spellcasting   | |  2.4
Transmutations | |  2.3

Action                   || total
-------------------------++-------
Melee: Unarmed           ||   125
       Kick              ||    11
       Tailslap          ||    10
       Punch             ||     3
       Headbutt          ||     6
 Cast: Beastly Appendage ||    16
       Spider Form       ||     6
 Stab: Sleeping          ||     1
  Eat: Chunk             ||     4
Armor: Skin              ||    54
Dodge: Dodged            ||   110
